 Dungeon Crawl Stone Soup version 0.28.0-53-g5a82cb258f (webtiles) character file.

Game seed: 4133874178268597156

100 SanguineChosen the Chopper (level 4, 0/40 HPs)
             Began as a Minotaur Berserker on Aug 4, 2022.
             Was a Believer of Trog.
             Slain by an orc
             ... wielding a +0 short sword
              (3 damage)
             ... on level 3 of the Dungeon.
             The game lasted 00:07:01 (1796 turns).

SanguineChosen the Chopper (Minotaur Berserker)     Turns: 1796, Time: 00:07:02

Health: 0/40       AC:  9    Str: 23    XL:     4   Next: 46%
Magic:  3/3        EV:  8    Int:  4    God:    Trog [**....]
Gold:   97         SH:  0    Dex: 10    Spells: 3/3 levels left

rFire   . . .      SeeInvis .   a - +0 hand axe (flame)
rCold   . . .      Faith    .   (no shield)
rNeg    . . .      Spirit   .   c - +0 chain mail
rPois   .          Reflect  .   (helmet restricted)
rElec   .          Harm     .   (no cloak)
rCorr   .          Rampage  .   (no gloves)
Will    .....                   (no boots)
Stlth   ..........              (no amulet)
HPRegen 0.13/turn               (no ring)
MPRegen 0.08/turn               (no ring)

@: confused, mighty, attractive
A: horns 2, retaliatory headbutt
a: Renounce Religion, Berserk, Trog's Hand


You were on level 3 of the Dungeon.
You worshipped Trog.
Trog was pleased with you.
You visited 1 branch of the dungeon, and saw 3 of its levels.

You collected 97 gold pieces.

Inventory:

Hand Weapons
 a - a +0 hand axe of flaming (weapon)
Armour
 c - a +0 chain mail (worn)
Scrolls
 b - a scroll of enchant weapon {unknown}
Potions
 d - a potion of attraction
 e - a potion of might


   Skills:
 + Level 4.1 Fighting
 + Level 4.2 Axes
 + Level 3.2 Armour
 + Level 3.0 Dodging
 + Level 1.9 Shields
 + Level 1.1 Evocations


You had 3 spell levels left.
You didn't know any spells.
Your spell library was empty.

Dungeon Overview and Level Annotations

Branches:
Dungeon (2/15)

Altars:
Gozag

Shops:
D:1 *


Innate Abilities, Weirdness & Mutations

You have a pair of horns on your head.
You reflexively headbutt those who attack you in melee.


Message History

You closely miss something. Something hits you. x2
The orc hits you but does no damage. Something hits you.
You miss something. Your headbutt misses something. You hit the orc.
You burn the orc. You barely miss something.
Something hits you but does no damage. The orc barely misses you.
Something hits you but does no damage.
You completely miss something. You hit something but do no damage.
You closely miss the orc.
You hear some strange, mumbled words.
You are confused.
The orc hits you but does no damage. Something hits you but does no damage.
You closely miss something. You miss something. You completely miss the orc.
Something hits you but does no damage. The orc hits you with a +0 short sword.
Something hits you.
You bump into the rock wall.
You hear some strange, mumbled words.
You are more confused.
The orc hits you but does no damage. Something hits you.
You're too confused to move!
Something hits you but does no damage. The orc hits you but does no damage.
Something hits you.
* * * LOW HITPOINT WARNING * * *
You bump into the rock wall.
Something hits you but does no damage. The orc barely misses you.
Something hits you.
* * * LOW HITPOINT WARNING * * *
It was a potion of attraction.
You feel attractive to monsters. Something hits you.
* * * LOW HITPOINT WARNING * * *
The orc hits you with a +0 short sword.
* * * LOW HITPOINT WARNING * * *
Something hits you.
* * * LOW HITPOINT WARNING * * *
It was a potion of might.
You feel very mighty all of a sudden. Something hits you but does no damage.
The orc barely misses you. Something hits you but does no damage.
You barely miss something. You hit the orc but do no damage.
You slash something! You burn something. Something hits you but does no damage.
The orc hits you with a +0 short sword.
You die...

###.. ..# #.# ## ..#
.. .# ..# .. o# ..^.#
.### o# ..#..# ..# o#
..#..# # #.# .# ..#
.. #.##o##.# ###...
#..@{...# ......
####{#### .###
#.##.## ## #....## #
## ##.#..# ### #.#
##.#.#
..##########.###.#..#
#.#.......# #.#....##
.......##.####.#####


You could see an orc.

Vanquished Creatures
  3 adders (D:2)
  A worm (D:2)
  A dart slug (D:2)
  An orc (D:2)
  3 endoplasms
  6 giant cockroaches
  12 goblins
  4 hobgoblins
  5 jackals
  4 kobolds
  3 quokkas (D:1)
  4 ball pythons
  7 bats
  A frilled lizard (D:1)
  3 rats
58 creatures vanquished.

Notes
Turn   | Place    | Note
-------+----------+-------------------------------------------
     0 | D:1      | SanguineChosen the Minotaur Berserker began the quest for
                  | the Orb.
     0 | D:1      | Reached XP level 1. HP: 19/19 MP: 0/0
   304 | D:1      | Reached XP level 2. HP: 27/27 MP: 1/1
   376 | D:1      | Found a faded altar of an unknown god.
   378 | D:1      | Found Qipintuj's Assorted Antiques.
   422 | D:1      | Reached skill level 1 in Shields
   826 | D:1      | Reached ** piety under Trog
   827 | D:1      | Reached XP level 3. HP: 27/33 MP: 2/2
  1352 | D:2      | Reached skill level 1 in Evocations
  1496 | D:2      | Reached XP level 4. HP: 40/40 MP: 3/3
  1683 | D:2      | You fall into a shaft and drop 1 floor!
  1683 | D:3      | Found an opulent altar of Gozag.
  1796 | D:3      | Slain by an orc

Illustrated notes

Levels and vault maps discovered:
D:1:      scummos_arrival_star, layout_basic, ebering_ecumenical_altar_hall,
          serial_shops, shop
D:2:      kennysheep_the_goblin_king, layout_loops_ring
D:3:      layout_loops_cross, eat_drink_and_be_merry_uskayaw, lemuel_tele_altar

Skill      XL: |  1  2  3  4 |
---------------+-------------+-----
Shields        | 1 |  1.9
Axes           | 4 |  4.2
Armour         | 3 |  3.2
Fighting       | 4 |  4.1
Evocations     | 1 |  1.1
Dodging        | 3 |  3.0

Action                   |  1- 3 |  4- 6 || total
-------------------------+-------+-------++-------
Melee: Hand axe          |    91 |    44 ||   135
       Headbutt          |    12 |     5 ||    17
       Punch             |     1 |       ||     1
  Use: Scroll            |     3 |       ||     3
       Potion            |       |     2 ||     2
 Stab: Sleeping          |     1 |       ||     1
Armor: Animal skin       |    11 |       ||    11
       Chain mail        |     7 |    34 ||    41
Dodge: Dodged            |    55 |    22 ||    77
